 Dungeon Crawl Stone Soup version 0.23.2-1-ga50397a6bc (webtiles) character file.

Game seed: 3808924535558062324

41901 Gargoyl the Envoy of Void (level 13, 0/111 HPs)
             Began as a Centaur Abyssal Knight on May 28, 2019.
             Was a High Priest of Lugonu.
             Slain by a komodo dragon (14 damage)
             ... on level 5 of the Lair of Beasts.
             The game lasted 00:39:05 (24810 turns).

Gargoyl the Envoy of Void (Centaur Abyssal Knight) Turns: 24810, Time: 00:39:05

Health: 0/111      AC: 29    Str: 11 (16) XL:     13   Next: 82%
Magic:  21/21      EV:  1    Int: 19      God:    Lugonu [*****.]
Gold:   537        SH:  0    Dex: 10 (11) Spells: 12/12 levels left

rFire    . . .     SeeInvis .   q - +4 hand axe (flame)
rCold    . . .     Gourm    .   (no shield)
rNeg     + . .     Faith    .   O - +5 plate armour of Joy {Int+3}
rPois    .         Spirit   .   (no helmet)
rElec    .         Reflect  .   (no cloak)
rCorr    .         Harm     .   m - +2 pair of gloves
MR       +....                  C - +2 centaur barding
Stlth    ..........             B - amulet of regeneration
HPRegen  0.68/turn              F - ring of protection from magic
MPRegen  0.17/turn              D - ring of Creativity {rN+ Int+3}

@: very quick
A: large, hooves 3, clever 1, deformed body, deterioration 1, speed 2, tough
skin 3, weak 1
a: Depart the Abyss, Bend Space, Banish, Corrupt, Enter the Abyss, Renounce
Religion


You were on level 5 of the Lair of Beasts.
You worshipped Lugonu.
Lugonu was extremely pleased with you.
You were near starving.

You visited 2 branches of the dungeon, and saw 17 of its levels.
You visited the Abyss 1 time.
You also visited: Ossuary and Ice Cave.

You collected 1423 gold pieces.
You spent 886 gold pieces at shops.

Inventory:

Hand Weapons
 a - a +3 hand axe
 q - a +4 hand axe of flaming (weapon)
 J - a +0 broad axe
Missiles
 E - 11 javelins (quivered)
Armour
 m - a +2 pair of gloves (worn)
 C - a +2 centaur barding (worn)
 O - the +5 plate armour of Joy (worn) {Int+3}
   (You found it on level 5 of the Lair of Beasts)

   It affects your intelligence (+3).
Jewellery
 b - an uncursed amulet of rage
 j - an uncursed ring of protection from fire
 n - an uncursed ring of protection from fire
 y - the ring "Gimiur" {rN+ Int+2}
   (You found it on level 5 of the Lair of Beasts)

   [ring of positive energy]

   It affects your intelligence (+2).
   It protects you from negative energy.
 B - an amulet of regeneration (around neck)
 D - the ring of Creativity (right hand) {rN+ Int+3}
   (You bought it in a shop on level 11 of the Dungeon)

   [ring of positive energy]

   It affects your intelligence (+3).
   It protects you from negative energy.
 F - a ring of protection from magic (left hand)
 I - an uncursed ring of protection from cold
Wands
 f - a wand of flame (86)
 i - a wand of enslavement (7)
 k - a wand of random effects (61)
 t - a wand of iceblast (6)
 u - a wand of polymorph (5)
 w - a wand of paralysis (9)
Scrolls
 e - 4 scrolls of identify
 h - 3 scrolls of magic mapping
 l - 5 scrolls of fear
 o - 2 scrolls of blinking
 p - 8 scrolls of remove curse
 s - 8 scrolls of teleportation
 v - 2 scrolls of amnesia
 G - a scroll of silence
 M - a scroll of fog
Potions
 g - 7 potions of brilliance
 r - a potion of flight
 H - 2 potions of heal wounds
 K - 2 potions of haste
 L - a potion of curing
Comestibles
 c - 23 rations


   Skills:
 + Level 9.1 Fighting
 + Level 10.2 Axes
 + Level 5.3 Throwing
 * Level 10.6 Armour
 * Level 7.5 Dodging
 * Level 11.4 Invocations
 + Level 4.2 Evocations


You had 12 spell levels left.
You didn't know any spells.
Your spell library contained the following spells:

 Spells                   Type           Power        Failure   Level  Hunger
 Animate Skeleton         Necr           N/A          100%        1    ##.....
 Apportation              Tloc           #.....       100%        1    ##.....
 Confusing Touch          Hex            #.....       100%        1    ##.....
 Corona                   Hex            #......      100%        1    ##.....
 Flame Tongue             Conj/Fire      #....        100%        1    ##.....
 Freeze                   Ice            #...         100%        1    ##.....
 Pain                     Necr           #...         100%        1    ##.....
 Summon Small Mammal      Summ           #...         100%        1    ##.....
 Ensorcelled Hibernation  Hex/Ice        #.....       100%        2    ###....
 Throw Frost              Conj/Ice       #.....       100%        2    ###....
 Confuse                  Hex            #.......     100%        3    ####...
 Dazzling Spray           Conj/Hex       #.....       100%        3    ####...
 Ozocubu's Armour         Chrm/Ice       #.......     100%        3    ####...
 Regeneration             Chrm/Necr      #.........   100%        3    ####...
 Tukima's Dance           Hex            #.......     100%        3    ####...
 Vampiric Draining        Necr           #.........   100%        3    ####...
 Animate Dead             Necr           N/A          100%        4    #####..
 Cause Fear               Hex            #.........   100%        4    #####..
 Summon Ice Beast         Ice/Summ       #.......     100%        4    #####..
 Throw Icicle             Conj/Ice       #.......     100%        4    #####..
 Bolt of Fire             Conj/Fire      #.........   100%        6    #######
 Dragon Form              Tmut           #.........   100%        7    #######
 Dragon's Call            Summ           #.........   100%        9    #######


Dungeon Overview and Level Annotations

Branches:
Dungeon (11/15)            Temple (0/1) D:4            Lair (6/6) D:11
  Swamp (0/4) Lair:3       Spider (0/4) Lair:3        Slime (0/5) Lair:6
    Orc (0/2) D:9

Altars:
Ashenzari
Dithmenos
Elyvilon
Kikubaaqudgha
Okawaru
Qazlal
Ru
Sif Muna
Uskayaw
Vehumet
Wu Jian
Xom
Yredelemnul
The Shining One

Shops:
D:11 =

Annotations:
Lair:3 exclusion: oklob plant


Innate Abilities, Weirdness & Mutations

You have hooves in place of feet.
Armour fits poorly on your strangely shaped body.
You cover ground very quickly.
You have extremely tough skin. (AC +3)
Your mind is acute. (Int +2)
Your body sometimes deteriorates upon taking damage.
You are weak. (Str -2)


Message History

You hit the komodo dragon. You burn the komodo dragon.
Your kick misses the komodo dragon.
The komodo dragon is almost dead.
You hit the komodo dragon. You burn the komodo dragon.
The komodo dragon is almost dead.
The komodo dragon bites you!
* * * LOW HITPOINT WARNING * * *
Your plate armour of Joy prevents you from hitting the komodo dragon.
The komodo dragon is almost dead.
The komodo dragon bites you but does no damage.
Your plate armour of Joy prevents you from hitting the komodo dragon.
The komodo dragon is almost dead.
The komodo dragon bites you.
* * * LOW HITPOINT WARNING * * *
Unknown command.
You hit the komodo dragon. You burn the komodo dragon.
Your kick misses the komodo dragon.
The komodo dragon is almost dead.
The komodo dragon bites you!
You die...

### #####.##########
..#....#.#....P####
................@l#
.#................##
#.#....P.#...P.....#
..#.....P#...###..##
P........#...##...#
.............P##..#
.......#.........##
.........#.......#
........##.###.P.#


You could see a komodo dragon.

Vanquished Creatures
  Josephine (D:10)
  4 hydras
  A two-headed ogre (D:11)
  Pikel (D:4)
  An ugly thing (D:11)
  An orc sorcerer (D:10)
  10 elephants
  Joseph (D:7)
  2 black mambas
  A molten gargoyle (Lair:6)
  9 spiny frogs
  4 rime drakes
  3 komodo dragons
  15 blink frogs
  Prince Ribbit (Lair:2)
  8 hippogriffs
  3 wraiths
  Sigmund (D:6)
  13 yaks
  6 basilisks
  2 hungry ghosts
  A steam dragon (Lair:6)
  16 wargs
  7 insubstantial wisps (Lair:3)
  An acid dragon (D:11)
  12 water moccasins
  2 hell hounds
  4 porcupines
  A black bear (Lair:2)
  A hornet zombie (D:5)
  3 ogres
  6 ice beasts (IceCv)
  10 orc warriors
  3 phantoms
  2 sky beasts
  6 wolves
  4 centaurs
  26 crocodiles
  A big kobold (D:11)
  Blork the orc (D:4)
  9 bullfrogs
  A water moccasin zombie (D:7)
  5 scorpions
  A troll zombie (D:9)
  An electric eel (Lair:2)
  10 wights
  2 crimson imps
  A centaur zombie (D:6)
  4 howler monkeys
  A quasit (D:5)
  A bullfrog zombie (D:7)
  7 jellies
  A human zombie (Ossuary)
  A centaur skeleton (D:10)
  10 orc priests
  4 hounds
  5 orc wizards
  A bullfrog skeleton (D:11)
  A gnoll shaman (D:7)
  12 iguanas
  4 worker ants
  5 ogre zombies (D:9)
  2 hound skeletons
  4 mummies (Ossuary)
  A worker ant zombie (D:10)
  2 gnolls (D:7)
  8 adders
  2 shadow imps
  3 oozes
  2 adder zombies (Ossuary)
  3 worms (D:2)
  2 dart slugs
  12 leopard geckos
  53 orcs
  5 giant cockroaches
  A goblin (D:3)
  2 hobgoblins
  11 kobolds
  4 quokkas
  11 bats
  9 frilled lizards
  A gnoll zombie (Ossuary)
  2 goblin skeletons (D:9)
  A hobgoblin skeleton (D:9)
  6 hobgoblin zombies
  2 jackal zombies (Ossuary)
  A kobold zombie (Ossuary)
  A leopard gecko skeleton (D:8)
  2 orc skeletons (D:9)
  13 orc zombies
  A quokka skeleton (D:4)
  9 rats
  A butterfly (Lair:3)
459 creatures vanquished.

Vanquished Creatures (others)
  A two-headed ogre (D:10)
  An orc knight (D:10)
  An ugly thing (D:11)
  4 oklob plants (Lair:5)
  A black mamba (Lair:4)
  4 spiny frogs
  A wraith (D:9)
  A water moccasin (Lair:3)
  A hell hound (Lair:6)
  An orc warrior (D:7)
  2 centaurs
  A crocodile (Lair:3)
  A jelly (D:5)
  3 gnolls (D:7)
  4 orcs (D:5)
  7 fungi
  4 plants
38 creatures vanquished.

Grand Total: 497 creatures vanquished

Notes
Turn   | Place    | Note
-------+----------+-------------------------------------------
     0 | Abyss:1  | Gargoyl the Centaur Abyssal Knight began the quest for the
                  | Orb.
     0 | Abyss:1  | Reached XP level 1. HP: 19/19 MP: 2/2
    68 | Abyss:2  | Found a corrupted altar of Lugonu.
    75 | Abyss:2  | Noticed a spriggan
    76 | Abyss:2  | Noticed a guardian serpent
    76 | Abyss:2  | a spriggan changed into a guardian serpent
    77 | Abyss:2  | Noticed a large abomination
    77 | Abyss:2  | Noticed a ynoxinul
    82 | D:1      | Escaped the Abyss
    84 | D:1      | Noticed an electric eel
   154 | D:1      | Reached * piety under Lugonu
   352 | D:1      | Reached XP level 2. HP: 26/26 MP: 3/3
   998 | D:2      | Found a glowing golden altar of the Shining One.
  1114 | D:2      | Reached skill level 1 in Dodging
  1114 | D:2      | Reached XP level 3. HP: 28/31 MP: 4/4
  1335 | D:2      | Reached ** piety under Lugonu
  1388 | D:2      | Found an ancient bone altar of Kikubaaqudgha.
  1767 | D:3      | Found a faded altar of an unknown god.
  1832 | D:3      | Found a sacrificial altar of Ru.
  2086 | D:4      | Reached XP level 4. HP: 28/40 MP: 5/5
  2217 | D:4      | Found a staircase to the Ecumenical Temple.
  2331 | D:4      | Noticed an ogre
  2658 | D:4      | Killed an ogre
  2658 | D:4      | Reached skill level 3 in Invocations
  2658 | D:4      | Reached XP level 5. HP: 26/46 MP: 7/7
  2662 | D:4      | HP: 1/46 [iguana (5)]
  2669 | D:4      | Noticed Blork the orc
  3224 | D:4      | Killed Blork the orc
  3224 | D:4      | Reached XP level 6. HP: 49/52 MP: 8/8
  3377 | D:5      | Entered Level 5 of the Dungeon
  3514 | D:5      | Noticed a slave
  3514 | D:5      | Noticed a slave
  3518 | D:5      | Noticed Pikel
  3518 | D:5      | Noticed a slave
  3532 | D:5      | Noticed a slave
  3567 | D:4      | Killed Pikel
  3567 | D:4      | Reached skill level 4 in Invocations
  3567 | D:4      | Reached XP level 7. HP: 14/60 MP: 8/10
  4192 | D:5      | Reached XP level 8. HP: 51/67 MP: 11/11
  4394 | D:5      | Found an iron altar of Okawaru.
  4517 | D:5      | Reached *** piety under Lugonu
  5363 | D:6      | Gained mutation: You have sharp fingernails. [potion of
                  | mutation]
  5363 | D:6      | Gained mutation: You possess an exceptional clarity of
                  | mind. [potion of mutation]
  5363 | D:6      | Gained mutation: You evolve. [potion of mutation]
  5364 | D:6      | Reached skill level 5 in Axes
  5364 | D:6      | Reached skill level 7 in Invocations
  5364 | D:6      | Reached XP level 9. HP: 75/75 MP: 11/14
  5668 | D:6      | Found a sand-covered staircase.
  5675 | Ossuary  | Entered an ossuary
  5984 | D:6      | Found a stormy altar of Qazlal.
  6020 | D:7      | Reached skill level 5 in Dodging
  6020 | D:7      | Reached skill level 8 in Invocations
  6020 | D:7      | Reached XP level 10. HP: 44/84 MP: 13/16
  6407 | D:6      | Found a deep blue altar of Sif Muna.
  6426 | D:6      | Noticed Sigmund
  6441 | D:6      | Killed Sigmund
  7094 | D:7      | Found an ornate altar of the Wu Jian Council.
  7094 | D:7      | Found a hide-covered altar of Uskayaw.
  7095 | D:7      | Found a shattered altar of Ashenzari.
  7895 | D:7      | Found a shimmering altar of Xom.
  7905 | D:7      | Noticed Joseph
  7942 | D:7      | Killed Joseph
  7942 | D:7      | Reached skill level 9 in Invocations
  8964 | D:9      | Found a shadowy altar of Dithmenos.
  9102 | D:9      | Reached **** piety under Lugonu
  9204 | D:9      | Found a staircase to the Orcish Mines.
  9225 | D:9      | Reached XP level 11. HP: 91/91 MP: 17/17
  9671 | D:9      | Found a basalt altar of Yredelemnul.
  9725 | D:9      | Found a white marble altar of Elyvilon.
 10004 | D:10     | Entered Level 10 of the Dungeon
 10069 | D:10     | Noticed Josephine
 10087 | D:10     | Killed Josephine
 10782 | D:9      | Lost mutation: You possess an exceptional clarity of mind.
                  | [evolution]
 10919 | D:10     | Lost mutation: You evolve. [potion of mutation]
 10919 | D:10     | Lost mutation: You have sharp fingernails. [potion of
                  | mutation]
 10919 | D:10     | Gained mutation: You are occasionally teleported next to
                  | monsters. [potion of mutation]
 10919 | D:10     | Gained mutation: You are clumsy. (Dex -2) [potion of
                  | mutation]
 10919 | D:10     | Gained mutation: You have supernaturally acute eyesight.
                  | (SInv) [potion of mutation]
 10920 | D:10     | Lost mutation: You are clumsy. (Dex -2) [potion of
                  | mutation]
 10920 | D:10     | Gained mutation: You occasionally shout uncontrollably at
                  | your foes. [potion of mutation]
 10920 | D:10     | Gained mutation: Your system is resistant to poisons.
                  | (rPois) [potion of mutation]
 10921 | D:10     | Lost mutation: You occasionally shout uncontrollably at
                  | your foes. [potion of mutation]
 10921 | D:10     | Lost mutation: You have supernaturally acute eyesight.
                  | (SInv) [potion of mutation]
 10921 | D:10     | Lost mutation: Your system is resistant to poisons. (rPois)
                  | [potion of mutation]
 10921 | D:10     | Lost mutation: You are occasionally teleported next to
                  | monsters. [potion of mutation]
 10921 | D:10     | Gained mutation: You are weak. (Str -2) [potion of
                  | mutation]
 10921 | D:10     | Gained mutation: Your body sometimes deteriorates upon
                  | taking damage. [potion of mutation]
 10921 | D:10     | Gained mutation: Your mind is acute. (Int +2) [potion of
                  | mutation]
 11907 | D:10     | Noticed a two-headed ogre
 11908 | D:10     | Banished a two-headed ogre
 12732 | D:10     | Reached ***** piety under Lugonu
 12814 | D:10     | Noticed an orc sorcerer
 12814 | D:10     | Noticed an orc knight
 12895 | D:10     | Killed an orc sorcerer
 13566 | D:10     | Banished an orc knight
 14665 | D:11     | Noticed a two-headed ogre
 14682 | D:11     | Killed a two-headed ogre
 14984 | D:11     | Reached skill level 5 in Throwing
 15003 | D:11     | Found a staircase to the Lair.
 15007 | D:11     | Reached XP level 12. HP: 61/100 MP: 19/19
 15686 | D:11     | Found a radiant altar of Vehumet.
 15809 | D:11     | Found Lurof's Jewellery Shoppe.
 16132 | D:11     | Bought an uncursed amulet of regeneration for 420 gold
                  | pieces
 16132 | D:11     | Bought the ring of Creativity {rN+ Int+3} for 466 gold
                  | pieces
 16513 | Lair:1   | Entered Level 1 of the Lair of Beasts
 17048 | Lair:1   | Noticed a four-headed hydra
 17057 | Lair:1   | Killed a one-headed hydra
 17057 | Lair:1   | Reached skill level 10 in Invocations
 17488 | Lair:2   | Noticed Prince Ribbit
 17504 | Lair:2   | Killed Prince Ribbit
 17847 | Lair:2   | Noticed an eight-headed hydra
 17860 | Lair:2   | Killed a one-headed hydra
 18042 | Lair:2   | Found a frozen archway.
 18060 | IceCv    | Entered an ice cave
 19233 | Lair:3   | Found a hole to the Spider Nest.
 20126 | Lair:3   | Found a staircase to the Swamp.
 20893 | Lair:4   | Reached XP level 13. HP: 108/108 MP: 15/20
 20913 | Lair:4   | Reached skill level 10 in Armour
 21650 | Lair:5   | Got a steaming golden ring
 21652 | Lair:5   | Identified the ring "Gimiur" {rN+ Int+2} (You found it on
                  | level 5 of the Lair of Beasts)
 22251 | Lair:5   | Reached skill level 11 in Invocations
 22275 | Lair:5   | Got a polished plate armour
 22286 | Lair:5   | Identified the +5 plate armour of Joy {Int+3} (You found it
                  | on level 5 of the Lair of Beasts)
 22987 | Lair:6   | Entered Level 6 of the Lair of Beasts
 23542 | Lair:6   | Found a staircase to the Slime Pits.
 23892 | Lair:6   | Reached skill level 10 in Axes
 24810 | Lair:5   | Slain by a komodo dragon

Skill      XL: |  1  2  3  4  5  6  7  8  9 10 11 12 13 |
---------------+----------------------------------------+-----
Axes           | 2 3 4 5 6 7 8 9 10 | 10.2
Dodging        | 1 2 4 5 6 7 |  7.5
Armour         | 2 3 4 6 7 8 9 10 | 10.6
Invocations    | 3 4 7 8 9 10 11 | 11.4
Fighting       | 4 6 7 8 9 |  9.1
Throwing       | 3 4 5 |  5.3
Evocations     | 3 4 |  4.2

Action                   |  1- 3 |  4- 6 |  7- 9 | 10-12 | 13-15 || total
-------------------------+-------+-------+-------+-------+-------++-------
Melee: Hand axe          |   129 |   107 |   124 |  1343 |   618 ||  2321
       Kick              |    20 |    13 |    30 |   330 |   178 ||   571
Throw: Tomahawk          |       |       |       |    29 |     5 ||    34
       Javelin           |       |       |       |       |    22 ||    22
Invok: Depart the Abyss  |     1 |       |       |       |       ||     1
       Banish            |       |       |     1 |    13 |    10 ||    24
Evoke: Wand              |       |     1 |     7 |     4 |     2 ||    14
  Use: Potion            |     1 |     1 |     4 |    21 |     1 ||    28
       Scroll            |     2 |    11 |     5 |    17 |     5 ||    40
  Eat: Chunk             |     2 |     4 |     1 |    25 |     9 ||    41
       Ration            |       |       |     2 |     8 |     1 ||    11
Armor: Chain mail        |   137 |    85 |    63 |   775 |    91 ||  1151
       Skin              |       |       |       |    13 |       ||    13
       Plate armour      |       |       |       |       |   464 ||   464
Dodge: Dodged            |    34 |    48 |    54 |   454 |   112 ||   702
